Map: Orbital Shipyard

Players

ScourgeBalan

  • Race: Zerg Zerg

Bop - Winner!

  • Race: Terran Terran

VOD

Have the link to the VOD?

Description

Time

  • Played on: May 7, 2015, 1:49 a.m.
  • Length: 15:02
Show
View Real Time Build Order
Export as new Build Order

ScourgeBalan Zerg 

Build Orders: Hatch First, Lurkers 

Get SALT Encoding   

  12  0:01  Drone  
  13  0:08  Drone  
  14  0:16  Overlord  
  14  0:35  Drone x3  
  17  0:52  Hatchery  
  16  0:58  Drone  
  17  1:12  Spawning Pool  
  17  1:13  Drone  
  17  1:15  Drone  
  18  1:20  Drone  
  19  1:29  Overlord  
  19  1:41  Drone  
  20  1:58  Queen  
  20  2:01  Zergling x2  
  23  2:07  Queen  
  25  2:09  Drone, Zergling x2  
  25  2:13  Hatchery  
  26  2:22  Drone x2  
  28  2:24  Drone  
  28  2:27  Drone  
  30  2:33  Overlord  
  30  2:36  Extractor  
  29  2:43  Drone  
  30  2:48  Drone x2  
  31  2:57  Drone  
  32  2:59  Queen  
  32  3:03  Zergling x2  
  34  3:08  Drone x2, Overlord  
  34  3:10  Drone x2  
  34  3:11  Drone  
  39  3:23  Queen  
  41  3:29  Drone x4  
  41  3:30  Drone  
  41  3:31  Drone  
  47  3:45  Evolution Chamber  
  47  3:47  Roach Warren  
  47  3:48  Drone x4  
  49  3:54  Drone  
  50  3:56  Overlord  
  50  3:57  Overlord  
  50  3:58  Overlord  
  50  4:05  Drone, Extractor  
  50  4:06  Extractor  
  49  4:14  Queen x2  
  55  4:20  Zerg Ground Armor Level 1  
  53  4:29  Drone x2  
  53  4:30  Drone x4  
  59  4:31  Drone x3  
  59  4:32  Drone x2  
  59  4:34  Extractor  
  63  4:43  Drone  
  63  4:44  Drone, Overlord  
  65  4:52  Drone x2  
  67  4:53  Overlord, Baneling Nest  
  67  4:58  Drone  
  67  4:59  Drone x3  
  70  5:06  Drone  
  72  5:07  Drone x4  
  72  5:08  Spine Crawler  
  72  5:11  Spore Crawler  
  73  5:16  Lair  
  73  5:18  Drone x2  
  73  5:20  Spore Crawler  
  74  5:24  Spore Crawler  
  73  5:32  Spore Crawler  
  73  5:33  Spine Crawler x2  
  70  5:38  Spine Crawler  
  70  5:40  Spore Crawler, Roach x5  
  78  5:46  Overlord  
  78  5:52  Overlord  
  78  5:56  Queen  
  79  6:00  Drone x6  
  83  6:17  Drone x4  
  83  6:18  Drone x4  
  89  6:19  Drone x2  
  89  6:20  Overlord  
  89  6:21  Extractor  
  89  6:22  Overlord, Extractor  
  91  6:29  Overlord  
  91  6:37  Zerg Ground Armor Level 2, Hydralisk Den  
  90  6:41  Evolution Chamber  
  89  6:47  Glial Reconstitution  
  89  6:49  Overlord  
  89  6:56  Overlord  
  89  6:58  Hatchery  
  86  7:10  Hydralisk x2  
  86  7:11  Hydralisk x4  
  98  7:20  Lurker Den  
  98  7:30  Drone x3  
  98  7:32  Zerg Missile Weapons Level 1  
  98  7:35  Hydralisk  
  98  7:36  Spore Crawler x2, Hydralisk x9  
  117  7:38  Drone  
  117  7:41  Extractor  
  119  7:57  Spore Crawler  
  119  7:58  Drone x7  
  119  7:59  Drone x4  
  131  8:13  Roach x6  
  131  8:16  Infestation Pit  
  140  8:20  Evolution Chamber  
  137  8:33  Roach x6  
  137  8:34  Roach x6  
  136  8:53  Lurker  
  136  8:54  Lurker x5  
  134  9:02  Overlord x5  
  131  9:07  Overlord  
  131  9:09  Overlord x2  
  127  9:10  Overlord  
  103  9:30  Roach  
  103  9:31  Roach x8  
  106  9:55  Hatchery  
  94  10:03  Hydralisk x5  
  94  10:06  Drone x3  
  107  10:12  Hatchery  
  106  10:24  Hydralisk  
  106  10:25  Hydralisk x3  
  114  10:34  Lurker x5  
  119  10:42  Drone x3  
  122  10:43  Drone x2  
  128  10:50  Roach x3, Extractor  
  128  10:55  Extractor  
  128  10:57  Roach x2  
  128  11:00  Hydralisk  
  134  11:04  Hydralisk  
  136  11:15  Roach  
  136  11:16  Roach x3  
  115  11:34  Drone x3  
  116  11:43  Hydralisk x2  
  116  11:44  Hydralisk x2  
  124  11:47  Drone  
  124  11:50  Drone x2  
  127  11:54  Drone x2  
  127  11:58  Spore Crawler  
  117  12:05  Roach  
  117  12:06  Roach x2  
  106  12:12  Roach x3  
  109  12:19  Lurker x3  
  108  12:23  Drone x3  
  108  12:26  Extractor  
  108  12:29  Extractor  
  109  12:32  Roach x3  
  109  12:33  Roach x3  
  121  12:40  Extractor  
  120  12:46  Roach x4  
  120  12:50  Roach x4  
  126  12:51  Roach  
  122  12:58  Roach x3  
  122  12:59  Roach  
  124  13:12  Roach x4  
  117  13:24  Roach x5  
  117  13:26  Roach  
  112  13:31  Hydralisk  
  112  13:33  Drone  
  112  13:34  Extractor  
  109  13:36  Roach  
  109  13:38  Drone x2  
  109  13:39  Drone  
  114  13:46  Spore Crawler, Spine Crawler, Hydralisk x3  
  118  14:05  Hatchery, Hydralisk x4  
  118  14:07  Lurker  
  126  14:15  Lurker  
  114  14:30  Lurker x2  
  110  14:42  Roach x3  
  110  14:43  Roach x2  
Show
View Real Time Build Order
Export as new Build Order

Bop Terran - Winner!

Build Orders: Command Center First (CC), Bio Tank, Siege Tank Drop 

Get SALT Encoding   

  12  0:00  SCV  
  13  0:13  SCV  
  14  0:20  Supply Depot  
  14  0:25  SCV  
  15  0:42  SCV  
  16  0:55  Command Center  
  16  0:59  SCV  
  17  1:10  Barracks  
  17  1:15  SCV  
  18  1:27  Barracks  
  18  1:30  SCV  
  19  1:42  SCV, Refinery  
  20  2:00  Marine, Orbital Command  
  21  2:12  Orbital Command  
  21  2:17  Marine  
  22  2:26  Marine  
  22  2:29  SCV  
  24  2:34  Refinery  
  24  2:37  Marine  
  24  2:41  SCV x2  
  26  2:53  SCV  
  26  2:56  SCV  
  26  2:57  Factory  
  28  3:05  SCV  
  28  3:08  SCV  
  28  3:10  Barracks Reactor  
  30  3:15  Barracks Tech Lab  
  30  3:17  SCV  
  30  3:18  Command Center  
  31  3:29  SCV  
  31  3:30  SCV, Barracks  
  33  3:36  Marine  
  33  3:38  Bunker  
  33  3:40  Stimpack  
  34  3:43  Factory Tech Lab  
  34  3:44  SCV x2  
  36  3:48  Refinery  
  36  3:49  Marine x2  
  38  3:56  Starport  
  38  4:04  Supply Depot x2  
  38  4:19  Barracks Reactor  
  38  4:25  Marine x3  
  38  4:26  SCV x2, Siege Tank  
  38  4:31  Orbital Command  
  46  4:38  SCV x2, Medivac  
  48  4:45  Marine x3  
  53  4:46  Orbital Command  
  53  4:47  Engineering Bay  
  53  4:49  Engineering Bay  
  53  4:52  SCV x2  
  55  4:59  Siege Tank  
  58  5:02  Marine x2  
  58  5:04  SCV x2  
  62  5:09  Supply Depot  
  62  5:12  Supply Depot  
  62  5:14  Marine x2  
  62  5:15  Marine  
  62  5:16  SCV  
  62  5:20  Marine  
  62  5:21  Terran Infantry Weapons Level 1, Terran Infantry Armor Level 1  
  67  5:24  SCV  
  67  5:27  Marine  
  69  5:32  Marine x2  
  69  5:35  Marine  
  71  5:38  Supply Depot, Marine  
  71  5:39  Supply Depot  
  71  5:40  SCV x2  
  71  5:42  SCV  
  76  5:45  Marine  
  77  5:50  Marine x2  
  77  5:52  SCV x2, Barracks  
  77  5:53  Marine  
  77  5:55  Armory, Marine  
  83  6:00  SCV  
  83  6:02  Marine  
  85  6:04  SCV  
  85  6:05  Siege Tank, Barracks  
  85  6:06  Starport Reactor  
  89  6:13  SCV  
  89  6:14  SCV  
  89  6:16  SCV  
  89  6:17  Marine x3  
  95  6:25  Marine x2  
  97  6:29  SCV  
  97  6:30  SCV x2  
  100  6:35  Marine  
  101  6:40  Barracks Reactor  
  101  6:41  Supply Depot  
  101  6:42  SCV x3, Marine x3  
  101  6:43  Supply Depot  
  101  6:45  Marine  
  108  6:50  Supply Depot  
  108  6:51  Supply Depot, Missile Turret  
  108  6:53  Missile Turret  
  108  6:54  Supply Depot, SCV  
  108  6:55  Missile Turret  
  109  7:02  Marine x3  
  109  7:03  SCV, Siege Tank  
  109  7:04  Barracks Reactor, Medivac x2  
  109  7:06  Marine  
  121  7:13  Combat Shields  
  122  7:15  SCV x2  
  122  7:16  SCV, Marine  
  122  7:17  Marine x2  
  122  7:20  Refinery, Marine  
  122  7:22  Refinery  
  128  7:25  Marine  
  128  7:26  Marine x2  
  128  7:27  SCV  
  132  7:33  Refinery  
  132  7:34  SCV x2, Marine, Medivac x2  
  139  7:43  Command Center  
  139  7:44  Terran Infantry Weapons Level 2  
  139  7:46  Marine  
  139  7:47  Marine x5  
  145  7:52  Terran Vehicle and Ship Weapons Level 1  
  145  7:53  SCV x2  
  145  7:54  SCV  
  145  7:58  Marine  
  148  8:02  Marine x2  
  148  8:04  Marine  
  148  8:05  Marine x5  
  157  8:06  Siege Tank  
  157  8:09  Factory  
  160  8:13  Medivac  
  160  8:16  Marine  
  163  8:20  Marine x2  
  165  8:31  Marine  
  165  8:32  Marine  
  165  8:33  Marine  
  165  8:35  Marine  
  165  8:36  Marine  
  165  8:42  Marine x3  
  165  8:43  SCV x3, Marine  
  166  8:49  Medivac x2, Siege Tank, Marine  
  166  8:51  Terran Infantry Armor Level 2  
  166  8:54  Marine x4  
  166  8:55  SCV  
  178  9:00  Marine x4  
  182  9:10  Marine  
  182  9:12  Marine x3  
  182  9:19  Marine  
  182  9:20  Marine x4  
  182  9:28  Marine  
  182  9:29  Siege Tank  
  182  9:30  Factory Tech Lab, Medivac, Marine x3  
  188  9:36  Medivac  
  188  9:38  Command Center  
  188  9:42  Marine x3  
  188  9:44  Marine x2  
  186  10:01  Medivac  
  186  10:06  Terran Infantry Weapons Level 3  
  188  10:07  Barracks  
  188  10:09  Barracks x2  
  188  10:10  Medivac, Siege Tank, Marine x7  
  188  10:12  Marine  
  188  10:13  Marine  
  187  10:16  Siege Tank  
  188  10:27  Marine  
  188  10:28  Marine x2  
  185  10:30  Planetary Fortress  
  185  10:35  Missile Turret  
  185  10:43  Siege Tank  
  188  10:50  Siege Tank, Marine x6  
  188  10:51  Terran Vehicle and Ship Weapons Level 2  
  197  10:59  Marine  
  197  11:00  Marine x2  
  197  11:03  Orbital Command  
  200  11:06  Missile Turret  
  200  11:17  Marine  
  193  11:19  Siege Tank, Marine  
  193  11:20  Marine x3  
  193  11:22  Siege Tank  
  192  11:36  Barracks Tech Lab x3  
  192  11:37  Marauder  
  192  11:38  Medivac x2  
  191  11:40  SCV x2  
  192  11:47  Orbital Command  
  192  11:48  Refinery  
  192  11:51  Siege Tank  
  194  11:54  Siege Tank  
  194  11:57  Refinery  
  194  11:59  Marauder  
  197  12:07  Marine x8  
  161  12:09  Marauder x3  
  158  12:20  Marauder  
  158  12:22  Medivac x2  
  163  12:23  Siege Tank  
  163  12:24  Marine x2  
  163  12:25  Marine x5  
  163  12:26  SCV, Siege Tank  
  177  12:37  Marine  
  177  12:38  Command Center, Marine x3  
  177  12:41  Marauder  
  183  12:51  Marine x7  
  170  12:53  Refinery x2  
  170  12:55  Medivac x2, Siege Tank, Marine x2  
  179  13:00  Marine x2  
  179  13:02  Marine  
  179  13:09  Marine x2  
  179  13:10  Concussive Shells  
  175  13:14  Marauder  
  175  13:19  Marauder x2  
  173  13:22  Marine  
  173  13:23  Marauder, Marine x5  
  173  13:27  Marine  
  172  13:33  Marine  
  165  13:34  Siege Tank x2, Medivac  
  165  13:35  Marauder, Medivac  
  165  13:40  Marine x4, Marauder x2  
  185  13:44  Marauder  
  185  13:47  Marine x3  
  190  13:51  Marine  
  191  13:55  Missile Turret  
  191  13:57  Missile Turret, Marauder  
  191  13:58  Marine x3  
  191  14:01  Marauder  
  191  14:02  Marauder  
  200  14:27  Siege Tank  
  195  14:43  Marine x4  
Tags
 
Add a new tag
Caveats
  • Supply blocks, unpowered buildings, or Contaminate may cause inaccurate times.
  • Supply counts are checked every 10 seconds.